 Dungeon Crawl Stone Soup version 0.20-a0-268-gb6bde61 (webtiles) character file.

10 Demogavin the Grave Robber (level 2, -9/19 HPs)
             Began as a Vampire Necromancer on Dec 6, 2016.
             Mangled by an ogre
             ... wielding a +0 giant spiked club
              (12 damage)
             ... on level 4 of the Dungeon.
             The game lasted 00:03:03 (438 turns).

Demogavin the Grave Robber (Vampire Necromancer)     Turns: 438, Time: 00:03:04

Health: -9/19      AC:  2    Str:  7    XL:     2   Next: 10%
Magic:  5/5        EV: 13    Int: 17    God:
Gold:   24         SH:  0    Dex: 14    Spells: 3/5 levels left

rFire  . . .     SeeInvis +     d - +1 dagger
rCold  . . .     Gourm    .     a - +0 robe
rNeg   . . .     Faith    .     (no shield)
rPois  .         Spirit   .     (no helmet)
rElec  .         Reflect  .     (no cloak)
rCorr  .         Harm     .     (no gloves)
MR     .....                    (no boots)
Stlth  ++........               (no amulet)
                                (no ring)
                                (no ring)

@: regenerating quickly
A: fangs 3, see invisible, unbreathing
a: no special abilities


You were on level 4 of the Dungeon.
You were full.

You visited 1 branch of the dungeon, and saw 4 of its levels.

You collected 24 gold pieces.

Inventory:

Hand Weapons
 d - a +1 dagger (weapon)
Armour
 a - a +0 robe (worn)
Scrolls
 e - a scroll of amnesia
Books
 b - a book of Necromancy

   Spells                             Type                      Level
   a - Pain                           Necromancy                   1
   b - Animate Skeleton               Necromancy                   1
   c - Vampiric Draining              Necromancy                   3
   d - Regeneration                   Charms/Necromancy            3
   e - Animate Dead                   Necromancy                   4
   f - Control Undead                 Necromancy                   4
Comestibles
 f - a meat ration


   Skills:
 + Level 2.3 Dodging
 + Level 3.0 Stealth
 + Level 2.2 Spellcasting
 + Level 4.7 Necromancy


You had 3 spell levels left.
You knew the following spells:

 Your Spells              Type           Power        Failure   Level  Hunger
a - Pain                  Necr           ###.         2%          1    #......
b - Animate Skeleton      Necr           N/A          2%          1    #......


Dungeon Overview and Level Annotations

Branches:
Dungeon (4/15)
 Temple: D:4-7

Altars:

Annotations:
D:3 Robin


Innate Abilities, Weirdness & Mutations

Your natural rate of healing is unusually fast.
You have razor-sharp teeth.
You have supernaturally acute eyesight. (SInv)
You can survive without breathing.


Message History

The centaur skeleton completely misses you.
The ball python hisses angrily.
Found a scale mail.
The centaur skeleton completely misses you.
The ball python bites you. The ball python barely misses you.
The ball python closely misses you. The ball python barely misses you.
The ball python closely misses you. x2; The centaur skeleton hits you!
The centaur skeleton hits you.
* * * LOW HITPOINT WARNING * * *
The ball python misses you. The ball python closely misses you.
Okay, then.
You aren't carrying any potions.
The centaur skeleton misses you. The ball python misses you.
The ball python barely misses you.
The ball python bites you but does no damage.
The ball python barely misses you.
The centaur skeleton closely misses you.
The ogre hits you with a giant spiked club!
Ouch! That really hurt!
You die...

############ #
#.......[..# #
#####..........#
###.............Z#
...............OS+
###.............@#
# #..(...........#
# #..............#
# #..............#
# #..............#
.................#
###....####+#####.
# . ##


You could see an ogre, a ball python and a centaur skeleton.

Vanquished Creatures
  A leopard gecko (D:4)
  2 goblins
  2 hobgoblins
  A ball python (D:2)
  A kobold (D:2)
  2 rats (D:1)
9 creatures vanquished.

Notes
Turn   | Place    | Note
-------+----------+-------------------------------------------
     0 | D:1      | Demogavin the Vampire Necromancer began the quest for the Orb.
     0 | D:1      | Reached XP level 1. HP: 13/13 MP: 3/3
     6 | D:1      | Learned a level 1 spell: Animate Skeleton
   177 | D:2      | Reached XP level 2. HP: 14/19 MP: 3/5
   205 | D:3      | Noticed Robin
   408 | D:4      | Noticed an ogre
   438 | D:4      | Mangled by an ogre

Vault maps used:
D:1:      arrival_zaba_pyramid
D:3:      first_bread, roderic_greek_sauvastika, grunt_ministairs_1,
          uniq_grinder, uniq_robin
D:4:      serial_shops, shop, kennysheep_generic_room_5

Action                   || total
-------------------------++-------
Melee: Unarmed           ||    14
       Dagger            ||    11
       Bite              ||     2
 Cast: Pain              ||    10
  Use: Potion            ||     5
       Scroll            ||     3
 Stab: Sleeping          ||     1
  Eat: Corpse            ||     4
Armor: Robe              ||     3
Dodge: Dodged            ||    36
